Map: Lost and Found LE

Players

Adapt - Winner!

  • Race: Zerg Zerg
  • League: Diamond
  • Spawn Location: 1:00

EGNooB

  • Race: Terran Terran
  • League: Diamond
  • Spawn Location: 7:00

VOD

Have the link to the VOD?

Description

replay analysis... things get weird

Time

  • Played on: July 5, 2018, 10:38 p.m.
  • Length: 17:48
Show
View Real Time Build Order
Export as new Build Order

Adapt Zerg - Winner!

Build Orders: Pool First, Lurkers 

Get SALT Encoding   

  12  0:01  Drone  
  13  0:08  Extractor  
  12  0:25  Spawning Pool  
  11  0:30  Drone  
  11  0:35  Drone  
  13  0:40  Drone  
  14  0:47  Extractor  
  13  0:50  Drone  
  15  0:59  Overlord  
  15  1:13  Lair  
  15  1:19  Zergling x2  
  15  1:22  Zergling x2  
  17  1:28  Zergling x2  
  18  1:34  Extractor  
  18  1:36  Drone  
  18  1:47  Drone  
  19  1:59  Drone  
  20  2:13  Hatchery  
  19  2:25  Hydralisk Den  
  19  2:29  Drone  
  19  2:33  Drone  
  20  2:41  Drone  
  21  2:50  Overlord  
  21  3:11  Drone  
  21  3:12  Drone  
  23  3:16  Drone  
  23  3:17  Lurker Den  
  23  3:24  Hydralisk  
  25  3:27  Overseer  
  25  3:35  Hydralisk  
  27  3:42  Hydralisk  
  27  3:47  Drone  
  30  3:54  Overlord  
  30  4:00  Drone  
  31  4:16  Nydus Network  
  30  4:21  Drone  
  30  4:22  Drone x2  
  33  4:32  Hydralisk  
  35  4:44  Overlord  
  35  4:50  Lurker x3  
  38  4:54  Zergling x2  
  38  4:55  Zergling x4  
  41  5:00  Lurker  
  42  5:20  Nydus Canal  
  42  5:25  Queen x2  
  42  5:26  Drone  
  42  5:27  Drone  
  48  5:30  Drone  
  49  5:54  Drone x3  
  52  5:58  Metabolic Boost  
  52  6:00  Overlord  
  52  6:01  Overlord x2  
  49  6:08  Drone x2  
  50  6:21  Nydus Canal  
  50  6:27  Drone, Extractor  
  50  6:28  Drone x3  
  50  6:29  Extractor  
  52  6:51  Drone x2  
  52  6:52  Drone x4  
  56  7:04  Drone x3  
  56  7:07  Grooved Spines  
  59  7:11  Hatchery  
  58  7:23  Hydralisk  
  58  7:24  Hydralisk x4  
  58  7:27  Drone  
  58  7:28  Drone  
  70  7:34  Drone x3  
  70  7:36  Drone  
  74  7:44  Drone  
  75  7:49  Drone  
  75  7:50  Overlord  
  75  7:51  Overlord x2  
  76  8:19  Muscular Augments  
  73  8:29  Drone x7  
  73  8:30  Queen  
  82  8:36  Hydralisk  
  82  8:39  Spire  
  83  8:43  Drone x2  
  85  8:55  Extractor  
  84  8:56  Hydralisk x4, Extractor  
  84  8:59  Lurker x2  
  84  9:00  Lurker x3  
  96  9:13  Drone x3  
  96  9:14  Drone x3  
  102  9:21  Nydus Canal  
  102  9:32  Zergling x2  
  102  9:33  Zergling x6  
  98  9:56  Hydralisk  
  98  9:57  Hydralisk x3  
  106  10:00  Overlord x6  
  106  10:19  Queen  
  108  10:32  Drone x10  
  115  10:36  Hydralisk  
  111  10:52  Evolution Chamber x2  
  111  10:53  Mutalisk x5  
  119  11:00  Spore Crawler  
  119  11:02  Spine Crawler, Mutalisk  
  119  11:03  Spine Crawler, Mutalisk x2  
  119  11:04  Spine Crawler  
  121  11:13  Corruptor  
  121  11:14  Zergling x2  
  121  11:16  Mutalisk x4  
  132  11:22  Drone x2  
  134  11:33  Mutalisk  
  134  11:34  Mutalisk x7, Hatchery  
  134  11:39  Extractor  
  148  11:44  Extractor  
  148  11:45  Mutalisk  
  148  11:46  Mutalisk x2  
  153  11:49  Zergling x2  
  153  11:51  Overlord x2, Hatchery  
  153  12:13  Zerg Ground Armor Level 1, Zerg Melee Weapons Level 1  
  153  12:15  Mutalisk  
  153  12:16  Mutalisk  
  157  12:25  Drone x3  
  157  12:29  Mutalisk  
  160  12:30  Mutalisk  
  160  12:32  Extractor, Zergling x2  
  160  12:33  Extractor, Zergling x14  
  160  12:35  Overlord x5  
  160  12:36  Overlord  
  170  12:38  Pneumatized Carapace  
  170  12:46  Nydus Canal  
  170  12:49  Mutalisk  
  170  12:50  Mutalisk  
  174  12:52  Overlord x3  
  174  12:56  Drone x3  
  174  12:57  Drone x2  
  179  13:17  Mutalisk  
  179  13:18  Mutalisk x5  
  187  13:37  Mutalisk  
  187  13:38  Mutalisk x4  
  195  13:42  Zergling x2  
  195  13:43  Zergling x8  
  197  14:01  Mutalisk  
  197  14:02  Mutalisk  
  199  14:11  Spine Crawler x3  
  199  14:12  Spine Crawler x2  
  199  14:13  Spine Crawler  
  199  14:14  Spine Crawler x2  
  199  14:15  Spine Crawler  
  190  14:18  Mutalisk x7  
  179  14:58  Zergling x2  
  179  14:59  Zergling x42  
  179  15:40  Mutalisk  
  179  15:41  Mutalisk x9  
  199  16:18  Spire  
  199  16:20  Infestation Pit  
  199  16:38  Lurker x3  
Show
View Real Time Build Order
Export as new Build Order

EGNooB Terran 

Build Orders: Reaper Expand 

Get SALT Encoding   

  12  0:00  SCV  
  13  0:13  SCV  
  14  0:17  Supply Depot  
  14  0:25  SCV  
  15  0:38  SCV  
  15  0:40  Barracks  
  16  0:43  Refinery  
  16  0:51  SCV  
  17  1:03  SCV  
  18  1:15  SCV  
  19  1:29  Reaper  
  19  1:31  Orbital Command  
  20  1:44  Command Center  
  20  1:53  Supply Depot  
  19  1:58  SCV  
  20  2:05  Marine  
  21  2:15  SCV, Refinery  
  22  2:23  Marine  
  22  2:25  Bunker  
  22  2:29  SCV  
  24  2:35  Factory  
  24  2:41  Marine  
  24  2:44  SCV  
  26  2:56  SCV, Orbital Command  
  27  3:00  Barracks Reactor  
  27  3:07  Barracks  
  27  3:11  SCV  
  28  3:20  Factory Reactor  
  28  3:23  SCV  
  29  3:30  Factory Tech Lab  
  29  3:35  Orbital Command  
  29  3:37  Marine x2  
  29  3:39  Bunker  
  30  3:49  SCV, Siege Tank  
  30  3:53  Barracks Tech Lab  
  34  3:56  Starport  
  34  3:57  Marine x2  
  34  4:02  SCV  
  37  4:12  SCV  
  38  4:19  Marine  
  38  4:20  Marine  
  40  4:27  Marine  
  40  4:28  Siege Tank  
  44  4:32  SCV x2  
  44  4:37  Starport Reactor  
  46  4:44  Supply Depot  
  46  4:45  Supply Depot  
  46  4:46  Marine x3, SCV  
  46  4:47  SCV  
  51  4:59  SCV x2  
  53  5:04  Marine  
  53  5:05  Marine  
  53  5:06  Siege Tank, Supply Depot  
  58  5:07  Marine  
  58  5:10  Supply Depot  
  58  5:11  SCV  
  58  5:12  SCV  
  61  5:18  Medivac x2  
  65  5:22  Marine  
  65  5:23  SCV, Marine  
  65  5:27  Marine  
  69  5:29  Supply Depot  
  69  5:30  SCV  
  70  6:05  Marine x2  
  72  6:12  Barracks Tech Lab  
  72  6:16  Engineering Bay  
  72  6:18  Factory Tech Lab  
  72  6:19  Starport Reactor  
  72  6:20  Orbital Command  
  72  6:24  Marine  
  72  6:25  Marine  
  74  6:29  SCV  
  74  6:31  Refinery  
  74  6:32  Marine  
  76  6:33  Refinery  
  76  6:42  Marine  
  77  7:07  Marine x2  
  79  7:09  Factory Tech Lab  
  79  7:12  Terran Infantry Weapons Level 1  
  79  7:19  Starport Reactor, Orbital Command  
  79  7:20  Barracks Tech Lab  
  78  7:23  SCV  
  78  7:25  Marine x2  
  80  7:31  Supply Depot  
  80  7:40  Supply Depot  
  80  7:42  Supply Depot  
  80  7:44  Missile Turret  
  79  8:02  Refinery  
  79  8:03  SCV x2, Command Center, Siege Tank  
  80  8:21  Marine  
  78  8:31  Orbital Command  
  75  8:48  SCV  
  76  8:52  Medivac  
  76  8:55  Supply Depot x2  
  78  9:09  Missile Turret  
  78  9:11  Refinery x2  
  78  9:14  Marine x2, Medivac, SCV  
  83  9:25  Refinery  
  83  9:28  Marine  
  84  9:32  Marine x2  
  84  9:33  SCV  
  84  9:34  SCV  
  77  9:46  Orbital Command  
  48  10:08  Stimpack  
  46  10:38  SCV x2  
  48  10:52  Refinery  
  48  10:54  SCV  
  49  10:57  Planetary Fortress  
  49  11:03  SCV  
  50  11:19  SCV x2  
  50  11:23  Marine x2, Siege Tank  
  50  11:24  Marine  
  58  11:33  SCV x2  
  58  11:35  Barracks x2  
  58  11:38  Barracks, SCV  
  61  11:42  Engineering Bay  
  61  11:45  Marine x3, SCV x2  
  66  11:48  Medivac x2  
  66  11:51  SCV  
  71  12:01  Engineering Bay  
  71  12:02  SCV x2  
  71  12:03  SCV, Siege Tank  
  71  12:07  Marine x3  
  80  12:14  SCV  
  81  12:17  Terran Infantry Armor Level 1  
  81  12:25  Barracks x2, Marine x3, Barracks Reactor x2  
  81  12:27  Barracks, Barracks Reactor  
  81  12:29  SCV x2  
  86  12:33  SCV  
  86  12:34  Refinery  
  86  12:35  Refinery  
  86  12:36  Supply Depot  
  87  12:37  Supply Depot  
  87  12:38  Supply Depot  
  87  12:41  SCV x2  
  87  12:42  Armory  
  87  12:43  Marine x2  
  87  12:44  Armory  
  91  12:45  SCV  
  92  12:53  SCV x2  
  92  12:58  SCV  
  95  13:02  Missile Turret  
  95  13:05  SCV x2  
  97  13:06  Marine x7  
  97  13:07  Marine x2  
  97  13:10  SCV  
  107  13:16  Marine  
  107  13:17  Marine x2, SCV  
  104  13:23  Marine  
  104  13:24  Missile Turret, Marine x2  
  104  13:26  Missile Turret  
  107  13:27  Missile Turret  
  107  13:28  Missile Turret  
  107  13:31  Missile Turret  
  99  13:42  Marine x3  
  102  13:48  Marine x3  
  102  13:49  Marine x4  
  104  13:58  Marine x2  
  104  14:00  Marine x2  
  101  14:05  Combat Shields  
  101  14:08  Siege Tank  
  101  14:09  SCV  
  105  14:20  Marine  
  105  14:21  Marine x4  
  105  14:22  Terran Infantry Weapons Level 2  
  108  14:26  SCV  
  89  14:39  Marine x6  
  85  14:54  Marine x5  
  85  14:55  Marine  
  85  14:57  Marine x4  
  85  14:58  Marine x2  
  93  15:12  Marine x2  
  86  15:15  Marine  
  86  15:16  Marine  
  86  15:20  Thor  
  65  15:31  Marine x4  
  65  15:32  Marine  
Tags
 
Add a new tag
Caveats
  • Supply blocks, unpowered buildings, or Contaminate may cause inaccurate times.
  • Supply counts are checked every 10 seconds.